 Dungeon Crawl Stone Soup version 0.31.0-11-ge490571c62 (webtiles) character file.

Game seed: 16942415428906778680

3258 Rassilon the Mimic (level 9, -1/64 HPs)
             Began as a Black Draconian Shapeshifter on Feb 10, 2024.
             Was an Initiate of Gozag.
             Slain by a yak (8 damage)
             ... on level 8 of the Dungeon.
             The game lasted 00:25:54 (6814 turns).

Rassilon the Mimic (Black Draconian Shapeshifter)   Turns: 6814, Time: 00:25:55

Health: -1/64      AC:  7    Str: 21    XL:     9   Next: 68%
Magic:  9/9        EV: 13    Int: 16    God:    Gozag
Gold:   836        SH:  0    Dex: 11    Spells: 5/8 levels left

rFire   . .          .
                       - Unarmed
rCold   . . .        (shield currently unavailable)
rNeg    . . .        (body armour unavailable)
rPois   .            (helmet restricted)
rElec   +            (no cloak)
rCorr   .            (gloves currently unavailable)
SInv    .            (no boots)
Will    .....        (no amulet)
Stlth   +            t - +6 ring of intelligence
HPRegen 0.30/turn    (no ring)
MPRegen 0.11/turn

%: no passive effects
@: mighty, blade hands
A: reduced hp, breathe lightning, AC +7, unfitting armour, electricity
resistance, cold-blooded
a: Breathe Lightning, Begin Untransformation, Renounce Religion, Potion
Petition, Call Merchant, Bribe Branch


You were on level 8 of the Dungeon.
You worshipped Gozag.
Gozag was pleased with you.
You had blades for hands.
You visited 2 branches of the dungeon, and saw 9 of its levels.
You also visited: Ossuary.

You collected 917 gold pieces.
You paid 81 gold pieces to Gozag.

Inventory:

Missiles
 f - 2 curare-tipped darts
Jewellery
 i - a ring of protection from fire
 t - a +6 ring of intelligence (left blade hand)
Talismans
 b - a beast talisman
 c - a flux talisman
 x - a serpent talisman
 A - a blade talisman (active)
Wands
 o - a wand of roots (11)
 v - a wand of digging (4)
 y - a wand of acid (10)
Scrolls
 d - 2 scrolls of enchant weapon
 j - 6 scrolls of teleportation
 k - a scroll of vulnerability
 r - 2 scrolls of revelation
 s - a scroll of poison
 z - 2 scrolls of blinking
 B - 2 scrolls of fear {unknown}
 C - 2 scrolls of enchant armour
 D - a scroll of immolation
Potions
 a - 4 potions of lignification
 e - a potion of might
 g - 2 potions of invisibility
 h - 3 potions of enlightenment
 l - 2 potions of brilliance {unknown}
 m - a potion of attraction {unknown}
 n - 2 potions of haste {unknown}
 p - a potion of ambrosia {unknown}
 q - 2 potions of heal wounds {unknown}
 u - a potion of curing {unknown}
 w - a potion of resistance {unknown}


   Skills:
 + Level 6.4 Fighting
 + Level 5.6 Dodging
 + Level 6.6 Unarmed Combat
 + Level 3.4 Summonings
 * Level 8.3 Shapeshifting


You had 5 spell levels left.
You knew the following spells:

 Your Spells              Type           Power      Damage    Failure   Level
a - Call Canine Familiar  Summ           11%        N/A       19%         3

Your spell library contained the following spells:

 Spells                   Type           Power      Damage    Failure   Level
 Summon Small Mammal      Summ           44%        N/A       6%          1
 Frozen Ramparts          Ice            0%         1d1       58%         3
 Summon Blazeheart Golem  Fire/Summ      5%         N/A       77%         4
 Leda's Liquefaction      Alch/Erth      0%         N/A       94%         4
 Petrify                  Alch/Erth      0%         N/A       94%         4
 Metabolic Englaciation   Hex/Ice        0%         N/A       100%        5


Dungeon Overview and Level Annotations

Branches:
Dungeon (8/15)             Temple (1/1) D:7         Ossuary (visited)
   Lair: D:8-11

Altars:
Ashenzari
Cheibriados
Dithmenos
Elyvilon
Fedhas
Gozag
Hepliaklqana
Kikubaaqudgha
Makhleb
Nemelex Xobeh
Qazlal
Ru
Sif Muna
Uskayaw
Vehumet
Wu Jian
Xom
Yredelemnul
Zin
The Shining One

Shops:
D:3 (


Innate Abilities, Weirdness & Mutations

You have blades for hands.
Your maximum health is decreased, since you lack skill for your form.
You are incapable of wielding weapons or throwing items.
You can breathe wild blasts of lightning.
Your glossy black scales are hard. (AC +7)
You cannot fit into any form of body armour.
You are resistant to electric shocks. (rElec)
You are cold-blooded and may be slowed by cold attacks.


Message History

The yak attacks as it pursues you! The yak gores you!
* * * LOW HITPOINT WARNING * * *
You see here 22 gold pieces.
You feel very mighty all of a sudden. The yak closely misses you.
The yak gores you but does no damage.
Unknown command.
You slash the yak!
You kill the yak!
The yak barely misses you.
You barely miss the yak. You slice the yak!! You tail-slap the yak.
You kill the yak!
The yak gores you but does no damage.
You closely miss the yak.
Your tail-slap misses the yak.
The yak misses you. The yak gores you!
* * * LOW HITPOINT WARNING * * *
You slice the yak!!
The yak is heavily wounded.
The yak gores you!
* * * LOW HITPOINT WARNING * * *
The yak is distracted by your dazzling golden aura.
The yak bellows!
You slash the yak!
The yak is no longer distracted by gold.
The yak is heavily wounded.
The yak is distracted by your dazzling golden aura.
The yak closely misses you.
The yak is distracted by your dazzling golden aura.
The yak bellows!
You barely miss the yak.
The yak is heavily wounded.
The yak bellows!
The yak is distracted by your dazzling golden aura.
The yak bellows!
You barely miss the yak.
The yak is no longer distracted by gold.
The yak is heavily wounded.
The yak gores you!
You die...
Your body crumbles into a pile of gold.

. #........ .##.......
#......## .......?$
#....... #...#...
#......# #..Y...#
#......### #.Y.)#
#.........#
##.Yo####......$..#
##..........#....#...
##..Y..######@......#
#.##....Y###..YYY#.#.###
#.........##....## #
#..........#...##
#.......[.......#
.......###.##..##
........##.))).###
...........))....#
..##........##..##..


You could see 3 yaks.

Vanquished Creatures
  A troll (D:8)
  3 yaks (D:8)
  2 steam dragons
  A water moccasin (D:6)
  Duvessa (D:7)
  A sky beast (D:7)
  2 ogres
  A centaur (D:7)
  2 phantoms (D:5)
  3 kobold brigands
  Blork the orc (D:5)
  9 scorpions
  A bullfrog (D:7)
  Dowan (D:7)
  A howler monkey (D:8)
  3 centaur zombies (Ossuary)
  3 jellies
  A bombardier beetle (D:3)
  2 hounds
  An orc priest (D:8)
  3 scorpion zombies (Ossuary)
  2 iguanas
  3 orc wizards
  3 mummies (Ossuary)
  Robin (D:4)
  5 adders
  A white imp (D:7)
  An adder zombie (Ossuary)
  3 dart slugs
  A ribbon worm (D:5)
  17 orcs
  5 ball pythons
  5 bats
  7 endoplasms
  2 giant cockroaches
  14 goblins
  11 hobgoblins
  2 jackals (D:2)
  30 kobolds
  5 quokkas
  2 ball python zombies (Ossuary)
  9 frilled lizards
  2 gnoll zombies (Ossuary)
  2 orc zombies (Ossuary)
  4 rats
180 creatures vanquished.

Notes
Turn   | Place    | Note
-------+----------+-------------------------------------------
     0 | D:1      | Rassilon the Draconian Shapeshifter began the quest for the
                  | Orb.
     0 | D:1      | Reached XP level 1. HP: 16/16 MP: 1/1
   213 | D:1      | Reached XP level 2. HP: 22/23 MP: 2/2
   673 | D:2      | Reached XP level 3. HP: 20/29 MP: 3/3
  1346 | D:3      | Reached XP level 4. HP: 33/36 MP: 4/4
  1520 | D:3      | Found Utun's Weapon Emporium.
  1822 | D:3      | Found a faded altar of an unknown god.
  1850 | D:3      | Reached skill level 4 in Shapeshifting
  1955 | D:3      | You fall into a shaft and drop 3 floors!
  1971 | D:6      | Reached XP level 5. HP: 40/42 MP: 5/5
  1999 | D:5      | Entered Level 5 of the Dungeon
  2075 | D:5      | Found a sand-covered staircase.
  2105 | Ossuary  | Entered an ossuary
  2257 | Ossuary  | Reached XP level 6. HP: 51/51 MP: 6/6
  2295 | Ossuary  | Reached skill level 5 in Shapeshifting
  2435 | Ossuary  | Your scales start taking on a glossy black colour.
  2435 | Ossuary  | Reached XP level 7. HP: 50/57 MP: 7/7
  2435 | Ossuary  | Gained mutation: You are resistant to electric shocks.
                  | (rElec) [Black Draconian growth]
  2713 | D:5      | Reached skill level 5 in Unarmed Combat
  2713 | D:5      | Reached skill level 6 in Shapeshifting
  2766 | D:4      | Found an opulent altar of Gozag.
  2863 | D:4      | Became a worshipper of Gozag Ym Sagoz the Greedy
  3006 | D:4      | Noticed Robin
  3025 | D:4      | Reached XP level 8. HP: 62/67 MP: 8/8
  3036 | D:4      | Killed Robin
  3624 | D:5      | Learned a level 3 spell: Call Canine Familiar
  3772 | D:5      | Noticed Blork the orc
  3779 | D:5      | Killed Blork the orc
  3977 | D:5      | Reached skill level 5 in Fighting
  4149 | D:5      | Reached skill level 1 in Summonings
  4538 | D:6      | Reached skill level 7 in Shapeshifting
  5368 | D:7      | Reached XP level 9. HP: 65/74 MP: 9/9
  5395 | D:7      | Found a staircase to the Ecumenical Temple.
  5542 | D:7      | Reached skill level 5 in Dodging
  5848 | D:7      | Noticed Duvessa
  5849 | D:7      | Noticed Dowan
  5853 | D:7      | Killed Duvessa
  5856 | D:7      | Killed Dowan
  6403 | Temple   | Entered the Ecumenical Temple
  6425 | D:8      | Noticed a troll
  6437 | D:8      | Killed a troll
  6702 | D:8      | Reached skill level 8 in Shapeshifting
  6814 | D:8      | Slain by a yak

Illustrated notes

Levels and vault maps discovered:
D:1:      minmay_arrival_solitary_statue, layout_basic,
          wander_ebering_terrifying_dragon_lair
D:2:      minmay_general_purpose_star, layout_basic
D:3:      layout_loops_corners, okawaru_metal_pillars_1_2, serial_shops, shop,
          dreamdust_ecumenical_altar_grove, lexackson_kobold_supper
D:4:      layout_gridville, grunt_gozag_statues, minmay_strange_pillars,
          uniq_robin
D:5:      layout_loops_corners, nicolae_ossuary_entry_false_entrances,
          uniq_blork_the_orc
D:6:      layout_loops_ring, kennysheep_generic_room_3
D:7:      layout_basic, minmay_temple_entry_statues_fountains, uniq_duvessa
D:8:      layout_cave_pools
Temple:   compressed_dpeg_triangle_lava_temple

Skill      XL: |  1  2  3  4  5  6  7  8  9 |
---------------+----------------------------+-----
Dodging        | 2 3 4 5 |  5.6
Fighting       | 2 3 4 5 6 |  6.4
Shapeshifting  | 4 5 6 7 8 |  8.3
Unarmed Combat | 4 5 6 |  6.6
Summonings     | 2 3 |  3.4

Action                     |  1- 3 |  4- 6 |  7- 9 || total
---------------------------+-------+-------+-------++-------
  Melee: Unarmed           |   128 |   118 |   260 ||   506
         Tailslap          |     9 |    24 |    33 ||    66
         Punch             |     1 |     2 |    11 ||    14
         Constrict         |       |       |    19 ||    19
   Cast: Call Canine Famil |       |       |     1 ||     1
Ability: Breathe Lightning |       |       |     5 ||     5
    Use: Scroll            |       |     8 |     8 ||    16
         Potion            |       |       |     2 ||     2
   Stab: Sleeping          |     1 |     2 |     2 ||     5
         Distracted        |       |       |     3 ||     3
 Armour: Skin              |    61 |    51 |   152 ||   264
  Dodge: Dodged            |    84 |    54 |   123 ||   261
   Form: Serpent           |       |       |     1 ||     1
         Blade             |       |       |     1 ||     1
